 Dungeon Crawl Stone Soup version 0.21.1-1-g345015f (webtiles) character file.

340 wojtek the Ruffian (level 6, -3/59 HPs)
             Began as a Troll Monk on Apr 3, 2018.
             Was a Believer of Okawaru.
             Slain by Blork the orc
             ... wielding a +0 halberd
              (5 damage)
             ... on level 4 of the Dungeon.
             The game lasted 00:03:06 (2319 turns).

wojtek the Ruffian (Troll Monk)                     Turns: 2319, Time: 00:03:06

Health: -3/59      AC:  6    Str: 22    XL:     6   Next: 30%
Magic:  5/5        EV: 10    Int:  6    God:    Okawaru [**....]
Gold:   178        SH:  0    Dex: 12    Spells: 5/5 levels left

rFire    . . .     SeeInvis .     - Unarmed
rCold    . . .     Gourm    +   (no shield)
rNeg     . . .     Faith    .   a - +0 robe
rPois    .         Spirit   .   (helmet restricted)
rElec    .         Reflect  .   m - +0 cloak
rCorr    .         Harm     .   (gloves unavailable)
MR       .....                  (boots unavailable)
Stlth    ++........             (no amulet)
HPRegen  0.59/turn              (no ring)
MPRegen  0.09/turn              (no ring)

@: no status effects
A: large, unfitting armour, claws 3, fast metabolism 3, gourmand, regeneration
1, shaggy fur 1, tough skin 2
a: Heroism, Renounce Religion


You were on level 4 of the Dungeon.
You worshipped Okawaru.
Okawaru was pleased with you.
You were completely stuffed.

You visited 1 branch of the dungeon, and saw 4 of its levels.

You collected 178 gold pieces.

Inventory:

Armour
 a - a +0 robe (worn)
 m - a +0 cloak (worn)
Wands
 n - a wand of iceblast (9)
Scrolls
 c - 3 scrolls of identify {unknown}
 f - a scroll of random uselessness {unknown}
 h - 2 scrolls of amnesia {unknown}
 i - a scroll of enchant armour {unknown}
 k - a scroll of noise {unknown}
Potions
 e - a potion of flight {unknown}
 g - a potion of invisibility {unknown}
 j - 2 potions of haste {unknown}
 l - a potion of heal wounds {unknown}
 o - a potion of ambrosia {unknown}
 p - a potion of might {unknown}
Comestibles
 b - 5 rations


   Skills:
 + Level 2.5 Fighting
 + Level 2.5 Dodging
 - Level 1.0 Stealth
 + Level 7.0 Unarmed Combat
 + Level 0.4 Invocations


You had 5 spell levels left.
You didn't know any spells.

Dungeon Overview and Level Annotations

Branches:
Dungeon (4/15)
 Temple: D:4-7

Altars:
Fedhas
Hepliaklqana
Okawaru
Ru
Vehumet

Annotations:
D:4 Blork the orc


Innate Abilities, Weirdness & Mutations

You are too large for most types of armour.
You have claws for hands.
Your metabolism is lightning-fast.
You like to eat raw meat.
Your natural rate of healing is unusually fast.
You are covered in fur. (AC +1)
You have very tough skin. (AC +2)


Message History

The orc priest looks satisfied for a moment.
You claw the orc priest!
You kill the orc priest!
Okawaru accepts your kill.
Your Unarmed Combat skill increases to level 7!
Something hits you but does no damage. Something hits you!
You see here a club.
You scratch something but do no damage. You claw something! Something hits you!
You scratch something. You miss something. Something hits you!
* * * LOW HITPOINT WARNING * * *
You closely miss something. Something hits you.
* * * LOW HITPOINT WARNING * * *
You closely miss something. You barely miss something. Something hits you!
* * * LOW HITPOINT WARNING * * *
You claw something! Something hits you.
You die...

# #.#.......#.
###.#..#.##...#+##
..#.#.....#.##..$#
#.#.#.....#.##...#
#.#.#.....#.##...#
#.#.#.....#.##†..#
#...#.....#.##...#
#########....$.)########
................@{o.....
...######...(..#########
........+.........
...######......### ...#
#......# ...# ########
####


You could see an orc.

Vanquished Creatures
  A hound (D:4)
  An orc priest (D:4)
  Ijyb (D:3)
  Natasha (D:3)
  An iguana (D:3)
  Robin (D:3)
  4 adders
  5 gnolls
  A howler monkey skeleton (D:4)
  2 oozes
  A dart slug (D:2)
  A leopard gecko (D:3)
  6 orcs
  3 giant cockroaches (D:1)
  15 goblins
  15 hobgoblins
  3 kobolds (D:1)
  A ball python (D:2)
  10 bats
  4 frilled lizards
  14 rats
91 creatures vanquished.

Vanquished Creatures (others)
  A dart slug (D:2)
1 creature vanquished.

Grand Total: 92 creatures vanquished

Notes
Turn   | Place    | Note
-------+----------+-------------------------------------------
     0 | D:1      | wojtek the Troll Monk began the quest for the Orb.
     0 | D:1      | Reached XP level 1. HP: 22/22 MP: 0/0
    91 | D:1      | Reached XP level 2. HP: 29/29 MP: 1/1
   202 | D:1      | Reached skill level 4 in Unarmed Combat
   409 | D:1      | Reached XP level 3. HP: 36/36 MP: 2/2
   800 | D:2      | Reached skill level 5 in Unarmed Combat
   800 | D:2      | Reached XP level 4. HP: 21/44 MP: 3/3
  1117 | D:2      | Found a radiant altar of Vehumet.
  1334 | D:2      | Found an iron altar of Okawaru.
  1337 | D:2      | Found a hazy altar of Hepliaklqana.
  1342 | D:2      | Found a blossoming altar of Fedhas.
  1345 | D:2      | Found a sacrificial altar of Ru.
  1595 | D:2      | Became a worshipper of Warmaster Okawaru
  1595 | D:2      | Reached * piety under Okawaru
  1595 | D:2      | Reached ** piety under Okawaru
  1675 | D:3      | Noticed Robin
  1720 | D:3      | Killed Robin
  1720 | D:3      | Reached XP level 5. HP: 45/50 MP: 4/4
  1784 | D:3      | Found a faded altar of an unknown god.
  1837 | D:3      | Reached skill level 6 in Unarmed Combat
  1924 | D:3      | Noticed Natasha
  1932 | D:3      | Killed Natasha
  1963 | D:3      | Noticed Ijyb
  1974 | D:3      | Killed Ijyb
  2175 | D:4      | Reached XP level 6. HP: 48/59 MP: 5/5
  2298 | D:4      | Noticed Blork the orc
  2310 | D:4      | Reached skill level 7 in Unarmed Combat
  2318 | D:4      | HP: 2/59 [something (9)]
  2319 | D:4      | Slain by Blork the orc

Skill      XL: |  1  2  3  4  5  6 |
---------------+-------------------+-----
Unarmed Combat | 4 5 6 7 |  7.0
Fighting       | |  2.5
Dodging        | |  2.5
Stealth        | |  1.0
Invocations    | |  0.4

Action                   |  1- 3 |  4- 6 || total
-------------------------+-------+-------++-------
Melee: Unarmed           |    61 |   154 ||   215
       Punch             |       |     1 ||     1
 Stab: Sleeping          |     3 |     1 ||     4
  Eat: Chunk             |    13 |    14 ||    27
Armor: Robe              |     9 |    69 ||    78
Dodge: Dodged            |    25 |    84 ||   109
